 Dungeon Crawl Stone Soup version 0.24-a0-139-geb6712d24a (webtiles) character file.

Game seed: 12842410898665474884

105 Hercules1031 the Skirmisher (level 4, 0/35 HPs)
             Began as a Demonspawn Fighter on Mar 2, 2019.
             Splashed by a jelly's acid (9 damage)
             ... on level 2 of the Dungeon.
             The game lasted 00:03:58 (1087 turns).

Hercules1031 the Skirmisher (Demonspawn Fighter)    Turns: 1087, Time: 00:03:59

Health: 0/35       AC:  2    Str: 17    XL:     4   Next: 53%
Magic:  4/4        EV:  7    Int: 10    God:
Gold:   61         SH: 13    Dex: 12    Spells: 3/3 levels left

rFire    . . .     SeeInvis .   a - +1 war axe
rCold    . . .     Gourm    .   c - +0 shield
rNeg     . . .     Faith    .   b - +0 scale mail
rPois    .         Spirit   .   (helmet restricted)
rElec    .         Reflect  .   (no cloak)
rCorr    .         Harm     .   (no gloves)
MR       .....                  (no boots)
Stlth    ..........             h - amulet of regeneration
HPRegen  0.51/turn              (no ring)
MPRegen  0.09/turn              (no ring)

@: corroded
A: antennae 2, large bone plates 1
a: no special abilities


You were on level 2 of the Dungeon.
You were full.

You visited 1 branch of the dungeon, and saw 2 of its levels.

You collected 61 gold pieces.

Inventory:

Hand Weapons
 a - a +1 war axe (weapon)
Armour
 b - a +0 scale mail (worn)
 c - a +0 shield (worn)
 g - a +0 helmet
Jewellery
 h - an amulet of regeneration (around neck)
Scrolls
 e - a scroll of remove curse
Potions
 d - a potion of haste {unknown}
 i - a potion of flight {unknown}
Comestibles
 f - 3 rations


   Skills:
 + Level 3.5 Fighting
 + Level 2.4 Axes
 + Level 3.2 Armour
 + Level 1.4 Dodging
 + Level 3.2 Shields


You had 3 spell levels left.
You didn't know any spells.
Your spell library was empty.

Dungeon Overview and Level Annotations

Branches:
Dungeon (2/15)

Altars:


Innate Abilities, Weirdness & Mutations

You have a pair of antennae on your head.
You are partially covered in large bone plates. (SH +4)


Message History

The jelly completely misses you. You block the jelly's attack.
You hit the jelly.
Your hands burn!
The jelly is moderately wounded.
The jelly hits you but does no damage.
You slash the jelly! The acid corrodes you!
Your hands burn!
The jelly is heavily wounded.
The jelly barely misses you. The jelly hits you.
You are splashed with acid!
You barely miss the jelly.
The jelly is heavily wounded.
You block the jelly's attack.
You hit the jelly.
Your hands burn!
The jelly is severely wounded.
You block the jelly's attack. The jelly barely misses you.
You hit the jelly.
Your hands burn!
* * * LOW HITPOINT WARNING * * *
The jelly is severely wounded.
The jelly hits you.
* * * LOW HITPOINT WARNING * * *
You are splashed with acid!
You die...

######## .......#######
#...J@.....###########
..'..........'..........
.##...÷......#####'#####
#..........##.........
#..........##.........
#..........##.........
#..........##.........
#..........##.........
#......÷...##.........


You could see a jelly.

Vanquished Creatures
  A hound (D:2)
  Robin (D:2)
  An adder (D:2)
  An ooze (D:1)
  A worm (D:2)
  A leopard gecko (D:1)
  6 bats
  A giant cockroach (D:1)
  11 goblins
  11 hobgoblins
  A quokka (D:2)
  A ball python (D:2)
  2 frilled lizards (D:1)
  4 kobolds
  2 rats (D:1)
45 creatures vanquished.

Notes
Turn   | Place    | Note
-------+----------+-------------------------------------------
     0 | D:1      | Hercules1031 the Demonspawn Fighter began the quest for the
                  | Orb.
     0 | D:1      | Reached XP level 1. HP: 18/18 MP: 1/1
    25 | D:1      | Gained mutation: You have a pair of small antennae on your
                  | head. [demonic ancestry]
    25 | D:1      | Reached XP level 2. HP: 18/24 MP: 2/2
   806 | D:2      | Gained mutation: You are partially covered in large bone
                  | plates. (SH +4) [demonic ancestry]
   806 | D:2      | Reached XP level 3. HP: 29/29 MP: 3/3
   820 | D:2      | Reached skill level 1 in Dodging
   853 | D:2      | Gained mutation: You have a pair of antennae on your head.
                  | [demonic ancestry]
   853 | D:2      | Reached XP level 4. HP: 24/35 MP: 4/4
   874 | D:2      | Noticed Robin
   902 | D:2      | Killed Robin
  1087 | D:2      | Splashed by a jelly's acid

Levels and vault maps discovered:
D:1:      elethiomel_arrival_shortcut, layout_basic, minmay_tromino_i4
D:2:      layout_basic, kennysheep_vampire_church, uniq_robin

Skill      XL: |  1  2  3 |
---------------+----------+-----
Axes           | 2 |  2.4
Armour         | 3 |  3.2
Dodging        | 1 |  1.4
Shields        | 3 |  3.2
Fighting       | |  3.5

Action                   |  1- 3 |  4- 6 || total
-------------------------+-------+-------++-------
Melee: War axe           |    83 |    44 ||   127
  Use: Scroll            |     7 |       ||     7
       Potion            |     2 |     1 ||     3
  Eat: Ration            |       |     2 ||     2
Armor: Scale mail        |    58 |    16 ||    74
Dodge: Dodged            |    27 |    16 ||    43
Block: Shield            |    73 |    45 ||   118

Table legend:
 A = Non-vault XP
 B = Vault XP
 C = Vault XP percentage of total XP
 D = Non-vault monster count
 E = Vault monster count
 F = Vault count percentage of total count
                 A         B        C        D         E       F
            +---------+---------+-------+---------+---------+-------
      Total |     110 |      40 |  26.7 |      30 |      15 |  33.3
            +---------+---------+-------+---------+---------+-------
        D:1 |      36 |       3 |   7.7 |      19 |       2 |   9.5
        D:2 |      74 |      37 |  33.3 |      11 |      13 |  54.2
            +---------+---------+-------+---------+---------+-------
